 Dungeon Crawl Stone Soup version 0.29-a0-100-g60f898f876 (webtiles) character file.

Game seed: 5536680049190437163

22 cyrus the Poker (level 2, -1/25 HPs)
             Began as a Merfolk Fighter on Feb 14, 2022.
             Was a Follower of the Shining One.
             Engulfed by a cloud of flame (26 damage)
             ... on level 1 of the Dungeon.
             The game lasted 00:03:27 (1275 turns).

cyrus the Poker (Merfolk Fighter)                   Turns: 1275, Time: 00:03:27

Health: -1/25      AC:  6    Str: 16    XL:     2   Next: 91%
Magic:  2/2        EV:  8    Int:  7    God:    the Shining One [*.....]
Gold:   42         SH:  4    Dex: 13    Spells: 1/1 levels left

rFire   . . .      SeeInvis .   a - +0 trident
rCold   . . .      Faith    .   c - +0 buckler
rNeg    . . .      Spirit   .   b - +0 scale mail
rPois   .          Reflect  .   (no helmet)
rElec   .          Harm     .   (no cloak)
rCorr   .          Rampage  .   (no gloves)
Will    .....                   (no boots)
Stlth   ..........              (no amulet)
HPRegen 0.08/turn               (no ring)
MPRegen 0.08/turn               (no ring)

@: glowing
A: (nimble swimmer 2), mertail
a: Renounce Religion, Divine Shield


You were on level 1 of the Dungeon.
You worshipped the Shining One.
The Shining One was aware of your devotion.
You visited 1 branch of the dungeon, and saw 1 of its levels.

You collected 42 gold pieces.

Inventory:

Hand Weapons
 a - a +0 trident (weapon)
Armour
 b - a +0 scale mail (worn)
 c - a +0 buckler (worn)
 j - an orb of wrath
Scrolls
 e - a scroll of identify {unknown}
 f - 2 scrolls of immolation {unknown}
 h - a scroll of blinking {unknown}
 i - a scroll of vulnerability {unknown}
Potions
 d - a potion of might
 g - 2 potions of magic {unknown}


   Skills:
 + Level 3.7 Fighting
 + Level 3.9 Polearms
 + Level 2.3 Armour
 + Level 0.1 Dodging
 + Level 3.0 Shields


You had one spell level left.
You didn't know any spells.
Your spell library was empty.

Dungeon Overview and Level Annotations

Branches:
Dungeon (1/15)

Altars:
The Shining One


Innate Abilities, Weirdness & Mutations

((You are very nimble when in or above water. (Stealth+, EV+, Speed+++)))
Your lower body shifts to a powerful aquatic tail in water.


Message History

You hit the rat.
You kill the rat!
You see here a rat corpse.
Found a glowing orb.
Found a stone staircase leading down.
You see here an orb of wrath.
There are no items here.
You see here an orb of wrath.
j - an orb of wrath You open the door.
There is an open door here.
You open the door.
There is an open door here.
You now have 42 gold pieces (gained 14).
You open the door.
A hobgoblin comes into view.
Found a short sword.
There is an open door here.
You block the hobgoblin's attack.
You hit the hobgoblin.
You kill the hobgoblin!
You see here a hobgoblin corpse.
You see here a hobgoblin skeleton.
You see here a hobgoblin skeleton.
You see here 12 sling bullets.
There is an open door here.
There is a large open door here.
There is a large open door here.
There is an open door here.
There is an open door here.
There is an open door here.
You see here a +0 club.
You see here 18 stones.
Partly explored, can't reach some items and places.
Really walk into a travel-excluded area? [Y]es or [N]o only, please.
Really walk into a travel-excluded area?
You are engulfed in blazing flames.
Ouch! That really hurt!
You die...

########## #........#### ####
#...#####..... ...#############
#○§§# #..... ...............#
#☼.§# #....÷ ...##.##########
#§.§# #.....
...##..........#####...#####.....
...##.#########.@°☼.$$...§§......
...##.#...#.....☼§○..$...°§......
...##.#...(.###.○§§.$.$.§.☼......
...##.###.##########...#####.....
...##..........# #○§§# #.....
...##>.........# #○§§# #.....
...............# #§°☼# #.....
..###.########## #...#####.....
..# #.# #...#........


There were no monsters in sight!

Vanquished Creatures
  2 dart slugs (D:1)
  3 bats (D:1)
  An endoplasm (D:1)
  3 hobgoblins (D:1)
  4 kobolds (D:1)
  A quokka (D:1)
  2 goblins (D:1)
  2 rats (D:1)
18 creatures vanquished.

Vanquished Creatures (others)
  A fungus (D:1)
  A plant (D:1)
2 creatures vanquished.

Grand Total: 20 creatures vanquished

Notes
Turn   | Place    | Note
-------+----------+-------------------------------------------
     0 | D:1      | cyrus the Merfolk Fighter began the quest for the Orb.
     0 | D:1      | Reached XP level 1. HP: 18/18 MP: 1/1
    73 | D:1      | Found a faded altar of an unknown god.
    81 | D:1      | Prayed at the altar of an unknown god.
    81 | D:1      | Became a worshipper of the Shining One
    81 | D:1      | Reached * piety under the Shining One
   226 | D:1      | Reached XP level 2. HP: 24/24 MP: 2/2
  1275 | D:1      | Engulfed by a cloud of flame

Illustrated notes

Levels and vault maps discovered:
D:1:      minmay_arrival_open_corners, layout_basic,
          dreamdust_ecumenical_altar_hidden_monk_grotto, lemuel_flame_loot_1

Action                   || total
-------------------------++-------
Melee: Trident           ||    50
Armor: Scale mail        ||    20
Dodge: Dodged            ||    14
Block: Buckler           ||     8

Table legend: (Time is in decaauts)
 A = Elapsed time spent in this place.
 B = Non-inter-level travel time spent in this place.
 C = Inter-level travel time spent in this place.
 D = Time resting spent in this place.
 E = Time spent auto-exploring this place.
 F = Levels seen in this place.
 G = Mean time per level.
                   A        B        C        D        E       F      G
               +--------+--------+--------+--------+--------+-----+--------+
         Total |   1280 |   1280 |      0 |      0 |   1046 |   1 | 1280.0 |
       Dungeon |   1280 |   1280 |      0 |      0 |   1046 |   1 | 1280.0 |
               +--------+--------+--------+--------+--------+-----+--------+

Top non-repeatable levels by time:
     D:1: 1280 daAuts
